 Dungeon Crawl Stone Soup version 0.30-a0-122-g2a1322497e (webtiles) character file.

Game seed: 3099796719258604583

674 Lugonue the Slasher (level 8, -6/64 (68) HPs)
             Began as a Meteoran Wanderer on Sept 16, 2022.
             Mangled by a wight
             ... wielding a +5 flail
              (13 damage)
             ... on level 5 of the Dungeon.
             The game lasted 00:15:51 (2779 turns).

Lugonue the Slasher (Meteoran Wanderer)             Turns: 2779, Time: 00:15:52

HP:   -6/64 (68)    AC:  8    Str: 12    XL:     8   Next: 14%
MP:   2/14          EV: 10    Int: 17    God:
Gold: 220           SH:  4    Dex: 14    Spells: 10/14 levels left

rFire   . . .      SeeInvis .    a - +3 falchion
rCold   . . .      Faith    .    q - +0 buckler
rNeg    . . .      Spirit   .    l - +0 leather armour
rPois   .          Reflect  .    e - +1 hat
rElec   .          Harm     .    p - +0 cloak
rCorr   .          Rampage  .    k - +2 pair of gloves
Will    +....                    (no boots)
Stlth   +.........               h - amulet of the acrobat
HPRegen 0.20/turn                (no ring)
MPRegen 0.14/turn                (no ring)

@: about to teleport, glowing, drained
A: sense surroundings 1, otherworldly, glowing, explore regen
a: no special abilities


You were on level 5 of the Dungeon.
You visited 1 branch of the dungeon, and saw 5 of its levels.

You collected 220 gold pieces.

Inventory:

Hand Weapons
 a - a +3 falchion (weapon)
 s - the +4 dagger "Killer Bee's Death" {flame, *Rage rF+ rC+ rN+ Int+4}
   (You found it on level 4 of the Dungeon)

   It burns those it strikes, dealing additional fire damage.
   Int:       It affects your intelligence (+4).
   rF:        It protects you from fire.
   rC:        It protects you from cold.
   rN:        It protects you from negative energy.
   *Rage:     It berserks you when you make melee attacks (+20% chance).
Armour
 e - a +1 hat (worn)
 g - a scarf of repulsion
 k - a +2 pair of gloves (worn)
 l - a +0 leather armour (worn)
 p - a +0 cloak (worn)
 q - a +0 buckler (worn)
Jewellery
 c - a ring of flight
 h - an amulet of the acrobat (around neck)
Wands
 n - a wand of mindburst (17)
Scrolls
 b - 2 scrolls of immolation {unknown}
 i - a scroll of poison {unknown}
 o - 2 scrolls of enchant armour {unknown}
 t - a scroll of teleportation
 u - a scroll of blinking
Potions
 d - a potion of curing
 f - 2 potions of flight
 j - 5 potions of mutation {unknown}
 m - 2 potions of heal wounds {unknown}
 r - 2 potions of might {unknown}


   Skills:
 + Level 5.1 Fighting
 + Level 7.7 Long Blades
 * Level 3.8 Armour
 - Level 0.5 Dodging
 * Level 2.3 Shields
 + Level 3.6 Spellcasting
 - Level 2.5 Summonings


You had 10 spell levels left.
You knew the following spells:

 Your Spells              Type           Power      Damage    Failure   Level
a - Summon Small Mammal   Summ           44%        N/A       10%         1
b - Summon Guardian Gole  Hex/Summ       7%         N/A       43%         3

Your spell library contained the following spells:

 Spells                   Type           Power      Damage    Failure   Level


Dungeon Overview and Level Annotations

Branches:
Dungeon (5/15) Zot: 413    Temple (0/1) D:5

Altars:
Ashenzari
Fedhas


Innate Abilities, Weirdness & Mutations

You passively map a small area around you.
You are easily found by Zot.
You glow in the dark.
You regain HP and MP as you explore.


Message History

The wight hits your quokka with a +5 flail!
Your quokka dies!
Your quokka's corpse disappears in a puff of smoke!
Casting: Summon Small Mammal (safe; 10% risk of failure)
Confirm with . or Enter, or press ? or * to list all spells.
Casting: Summon Small Mammal (safe; 10% risk of failure)
Confirm with . or Enter, or press ? or * to list all spells.
You barely miss the wight.
Unknown command.
You completely miss the wight.
Your bat hits the wight but does no damage.
The wight closely misses your bat.
Your rat closely misses the wight.
Unknown command.
You swap places.
Your bat hits the wight but does no damage. x2
The wight hits your bat with a +0 war axe!
Your bat dies!
Your bat's corpse disappears in a puff of smoke!
Your rat bites the wight.
You see here a +0 falchion.
The wight attacks as you move away! You block the wight's attack.
You hit the wight.
The wight is moderately damaged.
The wight hits your rat with a +0 war axe!
Your rat dies!
Your rat's corpse disappears in a puff of smoke!
The wight hits you with a +5 flail.
Unknown command.
You barely miss the wight.
The wight is moderately damaged.
The wight hits you with a +5 flail!
You feel drained.
* * * LOW HITPOINT WARNING * * *
Unknown command.
The wight attacks as you move away! The wight hits you with a +5 flail!
* * * LOW HITPOINT WARNING * * *
You feel drained.
* * * LOW HITPOINT WARNING * * *
As you read the scroll of teleportation, it crumbles to dust.
You feel strangely unstable. The wight hits you with a +5 flail!
You die...

#...# #.#######X
#...#####.### #.
#...........# #.
#..######.#.#####.
#[.#####...)......
#z..z.w..#.######.
#z######...######.
#z# ##.........
#@# #.########
#>#######.#
#.........#
###########


You could see 3 wights.

Vanquished Creatures
  A nameless horror (D:5)
  A water moccasin (D:5)
  A scorpion (D:2)
  3 hounds
  2 jellies
  A gnoll bouda (D:5)
  An iguana (D:4)
  An orc wizard (D:3)
  Natasha (D:2)
  Robin (D:2)
  4 gnolls
  3 adders
  2 worms
  2 dart slugs
  10 orcs
  5 ball pythons
  6 endoplasms
  2 giant cockroaches (D:4)
  17 goblins
  9 hobgoblins
  3 jackals (D:2)
  4 kobolds
  5 quokkas
  4 bats
  A frilled lizard (D:2)
  7 rats
97 creatures vanquished.

Vanquished Creatures (collateral kills)
  A scorpion (D:4)
  An adder (D:4)
  A dart slug (D:4)
  A ball python (D:4)
4 creatures vanquished.

Grand Total: 101 creatures vanquished

Notes
Turn   | Place    | Note
-------+----------+-------------------------------------------
     0 | D:1      | Lugonue the Meteoran Wanderer began the quest for the Orb.
     0 | D:1      | Lugonue set off with the following items: a +3 falchion, a
                  | scroll of blinking, a +0 robe; and the following spell
                  | memorised: Summon Small Mammal; and the following spells
                  | available to memorise: Summon Guardian Golem.
     0 | D:1      | Reached XP level 1. HP: 19/19 MP: 3/3
    61 | D:1      | Reached skill level 5 in Long Blades
    69 | D:1      | Reached XP level 2. HP: 26/26 MP: 5/5
   127 | D:1      | Reached XP level 3. HP: 28/33 MP: 6/6
   690 | D:2      | Reached XP level 4. HP: 34/40 MP: 7/7
   773 | D:2      | Noticed Natasha
   779 | D:2      | Noticed Robin
   887 | D:2      | Found a blossoming altar of Fedhas.
   889 | D:2      | Noticed a scorpion
   894 | D:2      | Killed a scorpion
   895 | D:2      | Reached skill level 6 in Long Blades
   895 | D:2      | Reached skill level 1 in Armour
   895 | D:2      | Reached XP level 5. HP: 46/46 MP: 8/8
  1023 | D:2      | Killed Natasha
  1088 | D:2      | Killed Robin
  1088 | D:2      | Glimpsed the power of Zot.
  1138 | D:2      | Glimpsed the power of Zot.
  1177 | D:2      | Glimpsed the power of Zot.
  1187 | D:2      | Touched by the power of Zot.
  1221 | D:3      | Reached XP level 6. HP: 29/36 MP: 6/10
  1633 | D:3      | Found a broken altar of Ashenzari.
  1891 | D:4      | Reached skill level 7 in Long Blades
  2043 | D:4      | Learned a level 3 spell: Summon Guardian Golem
  2064 | D:4      | Reached XP level 7. HP: 53/53 MP: 11/11
  2143 | D:4      | Identified the +4 dagger "Killer Bee's Death" {flame, *Rage
                  | rF+ rC+ rN+ Int+4}
  2235 | D:4      | Reached skill level 1 in Shields
  2492 | D:4      | Glimpsed the power of Zot.
  2514 | D:5      | Entered Level 5 of the Dungeon
  2553 | D:5      | Noticed a water moccasin
  2587 | D:5      | Killed a water moccasin
  2588 | D:5      | Reached skill level 5 in Fighting
  2599 | D:5      | Reached XP level 8. HP: 35/68 MP: 9/14
  2627 | D:5      | Noticed a nameless horror
  2727 | D:5      | Killed a nameless horror
  2779 | D:5      | Mangled by a wight

Illustrated notes

Levels and vault maps discovered:
D:1:      spicycebolla_green_bress_n_ham, layout_basic,
          hellmonk_ecumenical_altar_heavens_door
D:2:      layout_loops_ring, basic_altar, kennysheep_boxes, uniq_robin,
          uniq_natasha
D:3:      layout_basic, mainiacjoe_overflow_alcove_1
D:4:      layout_basic, minmay_surrounded
D:5:      layout_loops_ring, minmay_temple_entry_trees

Skill      XL: |  1  2  3  4  5  6  7 |
---------------+----------------------+-----
Long Blades    | 5 6 7 |  7.7
Fighting       | 4 5 |  5.1
Armour         | 1 2 3 |  3.8
Spellcasting   | 2 3 |  3.6
Shields        | 2 |  2.3
Dodging        | |  0.5
Summonings     | |  2.5

Action                   |  1- 3 |  4- 6 |  7- 9 || total
-------------------------+-------+-------+-------++-------
Melee: Falchion          |    82 |   151 |   105 ||   338
       Punch             |     2 |       |       ||     2
 Cast: Summon Small Mamm |     7 |    18 |    24 ||    49
Evoke: Wand              |       |       |     1 ||     1
  Use: Scroll            |       |     2 |     1 ||     3
       Potion            |       |     2 |       ||     2
 Stab: Distracted        |       |       |     1 ||     1
Armor: Robe              |    22 |       |       ||    22
       Leather armour    |       |    66 |    33 ||    99
Dodge: Dodged            |    38 |    68 |    51 ||   157
Block: Buckler           |       |     7 |    20 ||    27

Table legend: (Time is in decaauts)
 A = Elapsed time spent in this place.
 B = Non-inter-level travel time spent in this place.
 C = Inter-level travel time spent in this place.
 D = Time resting spent in this place.
 E = Time spent auto-exploring this place.
 F = Levels seen in this place.
 G = Mean time per level.
                   A        B        C        D        E       F      G
               +--------+--------+--------+--------+--------+-----+--------+
         Total |   2785 |   2681 |    104 |      0 |   1490 |   5 |  557.0 |
       Dungeon |   2785 |   2681 |    104 |      0 |   1490 |   5 |  557.0 |
               +--------+--------+--------+--------+--------+-----+--------+

Top non-repeatable levels by time:
     D:4: 789 daAuts
     D:2: 712 daAuts
     D:3: 541 daAuts
     D:1: 506 daAuts
     D:5: 237 daAuts
